AoeStats
← Strive4Richs601

Black Forest

509808376Analyzed
3v3 RM · 4d ago on Sep 28, 2026· 49m 1s· 6 players
Game mode
Random Map
Map size
Normal (6 player)
Population
200
Speed
Normal
Resources
Standard
Victory
Conquest
Starting age
Dark Age
Ending age
Imperial Age
RankedLock teamsTeams togetherTeam positionsShared explorationLock speedFull tech treeHidden civsTurbo modeCheats
Victory
Defeat
🇺🇸 Teutons · United States
790
+9
🇺🇸 Portuguese · United States
783
+10
🇺🇸 Mongols · United States
764
+11
🇺🇸 Malians · United States
715
-25
🇺🇸 Britons · United States
601
-9
🇺🇸 Spanish · United States
600
-9
Strive4Richs601
0:40 Loom
15:36 Feudal Age
17:30 Double-Bit Axe
18:42 Horse Collar
18:53 Gold Mining
20:18 Wheelbarrow
19:56 Town Watch
20:06 Fletching
24:28 Castle Age
23:45 Scale Barding Armor
23:53 Forging
24:35 Padded Archer Armor
24:30 Stone Mining
29:49 Heavy Plow
30:24 Bow Saw
31:29 Hand Cart
32:18 Bodkin Arrow
32:31 Elite Skirmisher
34:58 Caravan
36:01 Leather Archer Armor
36:50 Chain Barding Armor
37:06 Iron Casting
37:14 Thumb Ring
39:41 Gold Shaft Mining
39:10 Scale Mail Armor
44:11 Imperial Age
45:40 Conscription
44:41 Elite Mangudai
49:22 Chemistry
48:43 Ballistics
48:19 Murder Holes
48:29 Siege Engineers
48:35 Masonry
Chuckles19861
0:27 Loom
16:30 Feudal Age
20:17 Castle Age
19:28 Double-Bit Axe
19:27 Horse Collar
21:23 Heavy Plow
21:17 Stone Mining
24:07 Bow Saw
24:59 Wheelbarrow
25:01 Gold Mining
25:46 Stone Shaft Mining
25:15 Caravan
27:14 Hand Cart
34:25 Imperial Age
33:05 Pikeman
36:13 Chemistry
34:42 Elite Organ Gun
35:58 Conscription
38:29 Crop Rotation
39:04 Two-Man Saw
37:49 Halberdier
42:30 Padded Archer Armor
42:21 Fletching
42:31 Scale Mail Armor
42:42 Forging
43:58 Arquebus
46:58 Leather Archer Armor
46:38 Bodkin Arrow
46:58 Chain Mail Armor
47:19 Iron Casting
Rat Meat Pizza
0:41 Loom
14:44 Feudal Age
15:07 Horse Collar
16:04 Wheelbarrow
15:17 Double-Bit Axe
22:22 Castle Age
25:07 Gold Mining
25:26 Heavy Plow
25:43 Stone Mining
27:08 Hand Cart
27:33 Stone Shaft Mining
28:22 Caravan
32:32 Bow Saw
33:47 Scale Mail Armor
33:58 Forging
37:17 Bloodlines
37:09 Squires
36:30 Pikeman
36:56 Gambesons
36:31 Man-at-Arms
36:57 Arson
37:27 Caravan
38:24 Chain Mail Armor
38:44 Iron Casting
38:15 Scale Barding Armor
38:10 Padded Archer Armor
38:01 Fletching
40:53 Imperial Age
38:27 Long Swordsman
40:57 Cavalier
42:01 Chain Barding Armor
42:12 Plate Mail Armor
42:42 Blast Furnace
41:38 Bodkin Arrow
41:59 Leather Archer Armor
42:08 Conscription
43:20 Town Watch
44:41 Ballistics
45:21 Chemistry
45:42 Crenellations
44:45 Elite Teutonic Knight
45:03 Paladin
47:34 Bombard Tower
48:22 Heated Shot
48:33 Arrowslits
Gack13579
6:14 Loom
16:39 Feudal Age
17:42 Double-Bit Axe
20:07 Horse Collar
21:09 Fletching
24:48 Castle Age
26:57 Crossbowman
27:47 Bodkin Arrow
27:58 Gold Mining
28:04 Stone Mining
28:09 Gold Mining
29:43 Bow Saw
30:37 Heavy Plow
35:04 Gold Shaft Mining
40:04 Imperial Age
39:18 Padded Archer Armor
39:29 Forging
38:45 Pikeman
41:54 Elite Longbowman
44:42 Onager
45:40 Bracer
45:57 Leather Archer Armor
46:34 Fortified Wall
BigCozy101
4:59 Loom
12:29 Feudal Age
13:10 Horse Collar
18:02 Castle Age
16:34 Man-at-Arms
18:43 Stone Mining
23:15 Double-Bit Axe
26:22 Long Swordsman
27:03 Squires
26:25 Pikeman
27:14 Scale Mail Armor
27:26 Heavy Plow
35:12 Imperial Age
33:27 Forging
33:33 Chain Mail Armor
33:39 Bow Saw
34:40 Husbandry
36:16 Elite Gbeto
38:10 Wheelbarrow
37:20 Town Watch
39:25 Farimba
41:00 Two-Handed Swordsman
43:20 Cavalier
44:08 Gold Mining
48:26 Scale Barding Armor
Jazzbum
13:12 Feudal Age
17:41 Castle Age
19:54 Double-Bit Axe
20:01 Gold Mining
20:00 Horse Collar
23:15 Stone Mining
29:38 Bow Saw
29:20 Stone Mining
29:35 Heavy Plow
33:19 Imperial Age
31:21 Caravan
33:52 Wheelbarrow
33:03 Loom
33:58 Capped Ram
34:02 Onager
35:28 Hand Cart
36:19 Stone Shaft Mining
35:19 Siege Ram
35:51 Elite Conquistador
36:32 Inquisition
39:33 Two-Man Saw
39:00 Supremacy
41:45 Cavalier
42:28 Husbandry
43:29 Bloodlines
44:37 Forging
44:27 Scale Mail Armor
44:32 Scale Barding Armor
44:18 Fletching
44:28 Padded Archer Armor
43:51 Paladin
46:57 Iron Casting
46:37 Chain Mail Armor
Connection lost

Rejoining the realm…

Still unreachable

The connection could not be restored.

Session expired

The server has moved on; the page needs a fresh start.